 Dungeon Crawl Stone Soup version 0.19-a0-1111-gcceb26a (webtiles) character file.

243455 junb69 the Warrior (level 19, -7/177 HPs)
             Began as a Mottled Draconian Gladiator on Aug 10, 2016.
             Was the Champion of Okawaru.
             Mangled by a reaper
             ... wielding a +3 scythe of protection
              (28 damage)
             ... on level 2 of the Abyss on Aug 11, 2016.
             The game lasted 02:38:44 (44711 turns).

junb69 the Warrior (Mottled Draconian Gladiator)   Turns: 44711, Time: 02:38:45

Health: -7/177     AC: 24    Str: 19    XL:     19   Next: 12%
Magic:  26/26      EV: 29    Int: 12    God:    Okawaru [******]
Gold:   2403       SH: 26    Dex: 25    Spells: 0 memorised, 18 levels left

rFire  + . .     SeeInvis +     m - +4 demon whip (elec)
rCold  . . .     Gourm    .     (armour unavailable)
rNeg   . . .     Faith    .     h - +4 large shield "Katu" {*Confuse rF+ Regen+}
rPois  .         Spirit   .     b - +1 hat
rElec  .         Dismiss  .     I - +0 cloak of a ziggurat {SInv}
rCorr  .         Reflect  .     v - +0 pair of fencer's gloves {+Riposte Dex+6}
SustAt +         Harm     .     K - +2 pair of boots {Fly}
MR     +....                    Q - amulet of rage
Stlth  +++++.....               V - ring "Gucso" {SustAt Int+4 Slay+2}
                                a - ring of Robustness {AC+8}

@: flying
A: breathe sticky flame splash, unfitting armour, stinger 1, cold-blooded, AC
+10
a: Breathe Sticky Flame, Heroism, Finesse, Renounce Religion, Evoke Berserk
Rage, Stop Flying
}: 1/15 runes: serpentine


You were on level 2 of the Abyss.
You worshipped Okawaru.
Okawaru was exalted by your worship.
You were very hungry.

You visited 7 branches of the dungeon, and saw 34 of its levels.
You visited the Abyss 1 time.
You also visited: Ice Cave and Volcano.

You collected 6118 gold pieces.
You spent 3715 gold pieces at shops.

Inventory:

Hand Weapons
 m - a +4 demon whip of electrocution (weapon)
Missiles
 c - 4 throwing nets (quivered)
Armour
 b - a +1 hat (worn)
 h - the +4 large shield "Katu" (worn) {*Confuse rF+ Regen+}
   (Okawaru gifted it to you on level 12 of the Dungeon)

   It protects you from fire.
   It increases your rate of regeneration.
   It may confuse you when you take damage.
 v - the +0 pair of fencer's gloves (worn) {+Riposte Dex+6}
   (Okawaru gifted it to you on level 4 of the Shoals)

   It affects your dexterity (+6).
 I - the +0 cloak of a ziggurat (worn) {SInv}
   (Okawaru gifted it to you on level 1 of the Lair of Beasts)

   It lets you see invisible.
 K - a +2 pair of boots of flying (worn)
Jewellery
 a - the ring of Robustness (left hand) {AC+8}
   (You bought it in a shop on level 14 of the Dungeon)

   [ring of protection]

   It affects your AC (+8).
 y - the ring "Usmonk" {Fire Str+5}
   (You found it on level 4 of the Shoals)

   [ring of fire]

   It enhances your fire magic.
   It affects your strength (+5).
   It protects you from fire.
   It makes you vulnerable to cold.
 C - the ring of Beogh's Esteem {+Fly rPois rC+ Int-2}
   (You found it in an ice cave)

   [ring of protection from cold]

   It affects your intelligence (-2).
   It protects you from cold.
   It protects you from poison.
   It lets you fly.
 J - an uncursed ring of resist corrosion {unknown}
 Q - an amulet of rage (around neck)
 V - the ring "Gucso" (right hand) {SustAt Int+4 Slay+2}
   (You bought it in a shop on level 14 of the Dungeon)

   [ring of sustain attributes]

   It sustains your strength, intelligence and dexterity.
   It affects your intelligence (+4).
   It affects your accuracy and damage with ranged weapons and melee attacks
   (+2).
Wands
 e - a wand of confusion (7/48)
 i - a wand of hasting (4/9)
 n - a wand of disintegration (6/24)
 o - a wand of polymorph (15/24)
 q - a wand of polymorph (9/24)
 z - a wand of flame (37/48)
 A - a wand of digging (16/24)
 N - a wand of paralysis (18/24)
Scrolls
 p - 17 scrolls of remove curse
 u - 2 scrolls of blinking
 w - 2 scrolls of amnesia
 x - 5 scrolls of fog
 D - 7 scrolls of teleportation
 G - 7 scrolls of enchant armour
 L - 3 scrolls of summoning
 S - 2 scrolls of fear
Potions
 f - 2 potions of haste
 g - 3 potions of might
 j - a potion of cancellation
 r - 7 potions of resistance
 t - a potion of invisibility
 E - 8 potions of curing
 F - 6 potions of heal wounds
 H - 3 potions of agility
 W - 7 potions of lignification
Books
 B - a book of Party Tricks

   Spells                             Type                      Level
   a - Summon Butterflies             Summoning                    1
   b - Apportation                    Translocation                1
   c - Tukima's Dance                 Hexes                        3
   d - Alistair's Intoxication        Transmutation/Poison         5
   e - Invisibility                   Hexes                        6
Miscellaneous
 M - a phial of floods
Comestibles
 d - 19 bread rations
 k - 4 royal jellies
 l - 7 meat rations
 s - 15 beef jerkies


   Skills:
 * Level 17.5 Fighting
 - Level 12.4 Maces & Flails
 - Level 1.7 Throwing
 - Level 16.7 Dodging
 - Level 12.1 Stealth
 * Level 17.4 Shields
 - Level 10.1 Evocations


You had 18 spell levels left.
You didn't know any spells.

Dungeon Overview and Level Annotations

Branches:
Dungeon (15/15) Temple (1/1) D:5 Lair (6/6) D:10 Shoals (4/4) Lair:4 Snake (4/4) Lair:3 Slime (0/5) Lair:5 Orc (2/2) D:11 Elf (2/3) Orc:2 Vaults (0/5) D:12 D:13 Depths (0/5) D:15

Altars:
Ashenzari
Cheibriados
Dithmenos
Elyvilon
Fedhas
Gozag
Hepliaklqana
Kikubaaqudgha
Makhleb
Nemelex Xobeh
Okawaru
Pakellas
Qazlal
Ru
Sif Muna
Trog
Uskayaw
Vehumet
Xom
Yredelemnul
Zin
The Shining One
Beogh
Jiyva

Shops:
D:5 ?   D:6 *   D:14 =   Orc:1 *}   Orc:2 ([[(*   Snake:3 [

Annotations:
D:3 confidenceinterval's ghost, amateur GrGl
Lair:1 exclusion: oklob plant
Lair:6 Rupert
Shoals:4 Ilsuiw
Elf:1 exclusion: deep elf sorcerer, Louise


Innate Abilities, Weirdness & Mutations

You can spit globs of burning liquid.
You can ignite nearby creatures when you spit burning liquid.
Your weird mottled scales are hard. (AC +10)
Your body does not fit into most forms of armour.
You are cold-blooded and may be slowed by cold attacks.
Your tail ends in a poisonous barb.


Message History

* * * LOW HITPOINT WARNING * * *
You hit the reaper but do no damage. You whack the reaper!
There is a sudden explosion of sparks!
You tail-slap the reaper, but do no damage.
The reaper is moderately wounded.
You whack the reaper!
You tail-slap the reaper, but do no damage.
The reaper is heavily wounded.
The reaper hits you with a scythe of protection!!
* * * LOW HITPOINT WARNING * * *
You whack the reaper!
There is a sudden explosion of sparks!
You tail-slap the reaper.
The reaper is severely wounded.
You hit the reaper.
The reaper is almost dead.
You hit the reaper but do no damage.
You tail-slap the reaper, but do no damage.
The reaper is almost dead.
The reaper hits you with a scythe of protection!!
You die...

## ##.# ####
# # ###)# #
#. ###2.#.#
##
#..#..#..@#
..# #.
.........##..
# #.###.#...#
.##. ## # .
##.#..## #.#
#.#. ##. .#
## . .. ...#
#. # . # #.
.. #X # # 3
#.


You could see a reaper.

Vanquished Creatures
  An Ice Fiend (IceCv)
  2 krakens
  A tentacled starspawn (Abyss:2)
  The ghost of B1inky the Spry, an adept OpMo of Gozag (Shoals:4)
  8 greater nagas
  Donald (Elf:1)
  2 orc warlords
  Aizul (Shoals:2)
  2 stone giants
  Nessos (D:13)
  5 merfolk javelineers
  4 merfolk impalers
  A fire dragon (D:10)
  Josephine (D:12)
  11 hydras
  15 naga warriors
  13 anacondas
  An alligator snapping turtle (Shoals:4)
  2 catoblepae (D:13)
  5 merfolk aquamancers
  4 death yaks (Lair:3)
  3 satyrs
  10 merfolk avatars
  5 dancing weapons (Elf:1)
  14 naga sharpshooters
  An ogre mage (D:10)
  2 orc high priests (Orc:2)
  7 shock serpents
  Urug (D:13)
  A fire crab (Lair:6)
  The ghost of JustSomeDude the Skirmisher, a novice DsFi (D:9)
  8 deep elf knights (Elf:1)
  A large abomination (Abyss:2)
  A giant orange brain (D:15)
  3 unseen horrors
  21 sea snakes
  10 starcursed masses (Abyss:2)
  8 naga ritualists
  3 hill giants
  3 wizards
  6 deep elf archers (Elf:1)
  7 mana vipers
  25 deep elf magi
  3 orc knights
  A lindwurm (Volcano)
  8 harpies
  5 salamanders
  2 orc sorcerers
  A lindwurm (shapeshifter) (D:15)
  3 ugly things
  11 cyclopes
  14 griffons
  10 fauns
  13 manticores
  30 black mambas
  A black mamba (shapeshifter) (D:15)
  An ice statue (IceCv)
  14 elephants
  2 guardian serpents (Snake:3)
  12 sirens
  An orange demon (Abyss:2)
  32 naga magi
  4 freezing wraiths
  5 water nymphs
  A kobold demonologist (D:14)
  13 spiny frogs
  13 komodo dragons
  3 efreet
  3 rime drakes (Lair:6)
  4 anaconda simulacra (IceCv)
  19 merfolk
  8 ice devils (IceCv)
  12 trolls
  A golden dragon simulacrum (IceCv)
  A troll (shapeshifter) (D:15)
  4 polar bears
  7 two-headed ogres
  A blink frog (shapeshifter) (Elf:1)
  2 wind drakes (Lair:6)
  7 slime creatures (D:15)
  10 snapping turtles
  18 blink frogs
  3 centaur simulacra
  2 air elementals (Elf:1)
  2 shadows
  4 wyverns
  14 water elementals
  3 dire elephant simulacra (IceCv)
  32 yaks
  5 wraiths (D:12)
  3 chaos spawn (Abyss:2)
  2 hungry ghosts
  4 fire bats (Volcano)
  16 humans (D:12)
  2 basilisks
  3 vampire mosquitoes
  A death yak simulacrum (IceCv)
  Menkaure (D:6)
  52 nagas
  4 mottled dragons
  8 hippogriffs
  4 harpy simulacra (IceCv)
  2 soldier ants
  5 wargs
  An iron troll simulacrum (IceCv)
  A hell hound (Volcano)
  5 hydra simulacra (IceCv)
  12 porcupines
  15 water moccasins
  6 sky beasts
  A small abomination (Abyss:2)
  2 wasps
  An eye of draining (D:13)
  6 ice beasts
  37 orc warriors
  3 black bears
  An ettin simulacrum (IceCv)
  28 ogres
  2 phantoms
  7 wolves
  7 centaurs
  13 crocodiles
  Blork the orc (D:5)
  A big kobold (D:11)
  18 giant frogs
  3 wyvern zombies
  A water moccasin zombie (D:8)
  6 scorpions
  12 killer bees
  The ghost of HAL9000 the Ruffian, a weakling DrTm (D:4)
  9 wights
  A howler monkey (shapeshifter) (D:15)
  10 electric eels
  5 howler monkeys
  11 crimson imps
  A wasp zombie (D:12)
  5 centaur zombies
  5 draconian simulacra (IceCv)
  A giant frog zombie (D:13)
  A wyvern simulacrum (D:10)
  2 quasits
  2 giant frog skeletons
  5 jellies
  23 orc priests
  A gnoll shaman (D:8)
  7 hounds
  Crazy Yiuf (D:3)
  26 orc wizards
  Jessica (D:3)
  2 centaur skeletons
  8 iguanas
  Natasha (thrice) (D:2)
  12 worker ants
  2 hell rats (Lair:3)
  4 troll simulacra (IceCv)
  A wolf simulacrum (IceCv)
  2 spriggan simulacra (IceCv)
  17 sheep
  A hound skeleton (D:7)
  A worker ant zombie (D:5)
  Robin (D:3)
  6 gnolls
  2 ogre simulacra (IceCv)
  47 river rats
  15 adders
  A naga simulacrum (IceCv)
  6 shadow imps
  5 white imps (IceCv)
  5 ufetubi (IceCv)
  2 oozes
  2 adder skeletons
  5 worms
  3 giant geckos
  104 orcs
  9 bats
  7 giant cockroaches
  15 goblins
  12 hobgoblins
  11 jackals
  A quokka (D:5)
  5 ball pythons
  4 giant newts
  12 kobolds
  2 quokka skeletons
  3 rats
  2 plants (Snake:4)
  A starspawn tentacle (Abyss:2)
  6 tentacles
1350 creatures vanquished.

Vanquished Creatures (collateral kills)
  A greater naga (Snake:4)
  A naga sharpshooter (Snake:4)
  A naga mage (Snake:4)
  A naga (Snake:4)
4 creatures vanquished.

Vanquished Creatures (others)
  The ghost of Leszczynek the Carver, a journeyman HECj of Yredelemnul (Lair:6)
  Erolcha (Orc:1)
  A naga sharpshooter (Snake:3)
  A sheep (D:13)
  2 fulminant prisms (Lair:6)
  24 fungi
  A lurking horror (Abyss:2)
  46 plants
  2 starspawn tentacles (Abyss:2)
  25 tentacles
104 creatures vanquished.

Grand Total: 1458 creatures vanquished

Notes
Turn   | Place    | Note
-------+----------+-------------------------------------------
     0 | D:1      | junb69 the Draconian Gladiator began the quest for the Orb.
     0 | D:1      | Reached XP level 1. HP: 17/17 MP: 1/1
   123 | D:1      | Reached XP level 2. HP: 14/24 MP: 2/2
   596 | D:1      | Reached XP level 3. HP: 29/29 MP: 3/3
  1092 | D:2      | Noticed Natasha
  1303 | D:2      | Killed Natasha
  1333 | D:2      | Reached skill level 5 in Maces & Flails
  1333 | D:2      | Reached XP level 4. HP: 36/36 MP: 4/4
  1421 | D:2      | Noticed Natasha
  1432 | D:2      | Killed Natasha
  1584 | D:2      | Noticed Natasha
  1759 | D:2      | Killed Natasha
  2117 | D:2      | Reached XP level 5. HP: 41/41 MP: 5/5
  2446 | D:3      | Noticed Jessica
  2475 | D:3      | Killed Jessica
  2884 | D:3      | Noticed Robin
  2945 | D:3      | Killed Robin
  3195 | D:3      | Found a runed door.
  3199 | D:3      | Noticed Crazy Yiuf
  3208 | D:3      | Killed Crazy Yiuf
  3503 | D:3      | Reached XP level 6. HP: 48/48 MP: 6/6
  3533 | D:3      | Noticed confidenceinterval's ghost (amateur GrGl)
  4344 | D:4      | Found a blossoming altar of Fedhas.
  4361 | D:4      | Your scales start taking on a weird mottled colour.
  4361 | D:4      | Reached XP level 7. HP: 39/55 MP: 7/7
  4544 | D:4      | Found a hazy altar of Hepliaklqana.
  4547 | D:4      | Noticed HAL9000's ghost (weakling DrTm)
  4574 | D:4      | Killed HAL9000's ghost
  4807 | D:4      | Found an oddly glowing altar of Pakellas.
  4858 | D:5      | Entered Level 5 of the Dungeon
  5077 | D:5      | Found a staircase to the Ecumenical Temple.
  5100 | Temple   | Entered the Ecumenical Temple
  5309 | D:5      | Found an iron altar of Okawaru.
  5312 | D:5      | Became a worshipper of Warmaster Okawaru
  5696 | D:5      | Found Rownip Xuqo's Magic Scroll Shoppe.
  5934 | D:5      | Reached XP level 8. HP: 56/61 MP: 8/8
  5943 | D:5      | Reached * piety under Okawaru
  5943 | D:5      | Reached skill level 10 in Maces & Flails
  6060 | D:5      | Noticed Blork the orc
  6071 | D:5      | Killed Blork the orc
  6856 | D:6      | Found a glowing silver altar of Zin.
  6894 | D:6      | Found Ruipy's Serpentskin Sales.
  6914 | D:6      | Reached skill level 5 in Fighting
  7046 | D:6      | Noticed Menkaure
  7056 | D:6      | Killed Menkaure
  7086 | D:6      | Reached ** piety under Okawaru
  7196 | D:6      | Reached XP level 9. HP: 77/78 MP: 9/9
  7250 | D:6      | Found a shimmering altar of Xom.
  7291 | D:6      | Found a shimmering altar of Xom.
  7291 | D:6      | Found a shimmering altar of Xom.
  7293 | D:6      | Found a shimmering altar of Xom.
  8126 | D:7      | Found a hide-covered altar of Uskayaw.
  8443 | D:8      | Reached skill level 1 in Shields
  8665 | D:8      | Reached *** piety under Okawaru
  8838 | D:8      | Found an opulent altar of Gozag.
  8967 | D:8      | Reached skill level 10 in Fighting
  9347 | D:8      | Found a white marble altar of Elyvilon.
  9347 | D:8      | Found a stormy altar of Qazlal.
  9772 | D:9      | Reached XP level 10. HP: 92/93 MP: 10/10
  9992 | D:9      | Reached skill level 5 in Shields
 10272 | D:9      | Noticed JustSomeDude's ghost (novice DsFi)
 10301 | D:9      | Killed JustSomeDude's ghost
 10301 | D:9      | Reached **** piety under Okawaru
 10720 | D:10     | Entered Level 10 of the Dungeon
 10901 | D:10     | Found a staircase to the Lair.
 10912 | D:10     | Noticed a hill giant
 10931 | D:10     | Killed a hill giant
 10931 | D:10     | Reached skill level 5 in Dodging
 11120 | Lair:1   | Entered Level 1 of the Lair of Beasts
 11711 | Lair:1   | Noticed a spiny frog
 11714 | Lair:1   | Killed a spiny frog
 11726 | Lair:1   | Noticed a five-headed hydra
 11907 | Lair:1   | Killed a five-headed hydra
 11907 | Lair:1   | Reached ***** piety under Okawaru
 11907 | Lair:1   | Received a gift from Okawaru
 11995 | Lair:1   | Reached XP level 11. HP: 51/101 MP: 11/11
 12335 | Lair:1   | Received a gift from Okawaru
 12576 | Lair:1   | Received a gift from Okawaru
 12577 | Lair:1   | Got a distressingly furry cloak {god gift}
 12588 | Lair:1   | Identified the +0 cloak of a ziggurat {SInv} (Okawaru gifted it to you on level 1 of the Lair of Beasts)
 12731 | Lair:1   | Found a blossoming altar of Fedhas.
 12762 | Lair:1   | Noticed an oklob plant
 13568 | Lair:2   | Noticed a seven-headed hydra
 13585 | Lair:2   | Killed a seven-headed hydra
 13639 | Lair:2   | Noticed a four-headed hydra
 13648 | Lair:2   | Killed a four-headed hydra
 14279 | Lair:3   | Reached skill level 1 in Evocations
 14353 | Lair:3   | Noticed a six-headed hydra
 14582 | Lair:3   | Noticed a death yak
 14758 | Lair:3   | Killed a six-headed hydra
 14908 | Lair:3   | Reached XP level 12. HP: 89/113 MP: 14/14
 15046 | Lair:3   | Noticed a death yak
 15064 | Lair:3   | Noticed a death yak
 15066 | Lair:3   | Noticed a death yak
 15081 | Lair:3   | Killed a death yak
 15090 | Lair:3   | Killed a death yak
 15109 | Lair:3   | Killed a death yak
 15118 | Lair:3   | Killed a death yak
 15118 | Lair:3   | Received a gift from Okawaru
 15118 | Lair:3   | Reached skill level 5 in Evocations
 15450 | Lair:3   | Noticed a four-headed hydra
 15462 | Lair:3   | Killed a four-headed hydra
 15636 | Lair:3   | Found a staircase to the Snake Pit.
 17022 | Lair:4   | Found a staircase to the Shoals.
 17273 | Lair:5   | You are sucked into a shaft!
 17273 | Lair:6   | Entered Level 6 of the Lair of Beasts
 17534 | Lair:6   | Got a faintly glowing brass ring
 17536 | Lair:6   | Identified the ring "Vofuq" {Fire Str+5 SInv} (You found it on level 6 of the Lair of Beasts)
 17554 | Lair:5   | Found a viscous altar of Jiyva.
 17554 | Lair:5   | Found a staircase to the Slime Pits.
 17602 | Lair:5   | Found a dark tunnel.
 17618 | Volcano  | Entered a volcano
 17674 | Volcano  | Reached XP level 13. HP: 92/125 MP: 18/18
 18287 | Lair:5   | Reached ****** piety under Okawaru
 18292 | Lair:5   | Received a gift from Okawaru
 19175 | D:10     | Noticed a fire dragon
 19205 | D:10     | Killed a fire dragon
 19343 | D:10     | Reached skill level 10 in Dodging
 20103 | D:11     | Found a staircase to the Orcish Mines.
 20134 | D:11     | Found a roughly hewn altar of Beogh.
 20614 | Orc:1    | Entered Level 1 of the Orcish Mines
 20725 | Orc:1    | Received a gift from Okawaru
 20726 | Orc:1    | Got a slimy executioner's axe {god gift}
 21002 | Orc:1    | Noticed an orc warlord
 21038 | Orc:1    | Killed an orc warlord
 21291 | Orc:2    | Entered Level 2 of the Orcish Mines
 21301 | Orc:2    | Found a roughly hewn altar of Beogh.
 21394 | Orc:2    | Found Vainymam's Assorted Antiques.
 21397 | Orc:2    | Found a roughly hewn altar of Beogh.
 21441 | Orc:2    | Found a roughly hewn altar of Beogh.
 21519 | Orc:2    | Found a roughly hewn altar of Beogh.
 21520 | Orc:2    | Found Visicuh's Weapon Boutique.
 21596 | Orc:2    | Found a roughly hewn altar of Beogh.
 21608 | Orc:2    | Found a staircase to the Elven Halls.
 21657 | Orc:2    | Found a roughly hewn altar of Beogh.
 21736 | Orc:2    | Found a roughly hewn altar of Beogh.
 21737 | Orc:2    | Found Jolaog's Antique Armour Shop.
 22032 | Orc:2    | Received a gift from Okawaru
 22359 | Orc:2    | Noticed an orc warlord
 22393 | Orc:2    | Killed an orc warlord
 22393 | Orc:2    | Reached XP level 14. HP: 113/133 MP: 17/19
 22491 | Orc:2    | Reached skill level 10 in Shields
 22510 | Orc:2    | Found Poqo's Antique Weapon Shoppe.
 22511 | Orc:2    | Found a roughly hewn altar of Beogh.
 22514 | Orc:2    | Found Unnounge's Antique Armour Emporium.
 22683 | Orc:2    | Bought a scroll of identify for 60 gold pieces
 22683 | Orc:2    | Bought a glowing bone wand for 120 gold pieces
 22683 | Orc:2    | Bought a jewelled silver wand for 120 gold pieces
 22922 | Orc:1    | Found Xiteotant's Assorted Antiques.
 22940 | Orc:1    | Found Laysiqi's Gadget Shoppe.
 22991 | Orc:1    | Bought a wand of hasting (4/9) for 768 gold pieces
 23000 | Orc:1    | Bought a scroll of blinking for 277 gold pieces
 23232 | Orc:1    | Noticed Erolcha
 23247 | Orc:1    | Killed Erolcha
 23484 | D:12     | Reached skill level 1 in Stealth
 23584 | D:12     | Found Sufuut's Assorted Antiques.
 23790 | D:12     | Noticed Josephine
 23797 | D:12     | Killed Josephine
 23806 | D:12     | Reached skill level 5 in Stealth
 24536 | D:13     | Found a gate to the Vaults.
 24536 | D:13     | Noticed Nessos
 24645 | D:12     | Received a gift from Okawaru
 24648 | D:12     | Got a jewelled large shield {god gift}
 24649 | D:12     | Identified the +4 large shield "Katu" {*Confuse rF+ Regen+} (Okawaru gifted it to you on level 12 of the Dungeon)
 24900 | D:13     | Killed Nessos
 24900 | D:13     | Reached skill level 10 in Stealth
 25362 | D:13     | Noticed Urug
 25675 | D:13     | Killed Urug
 25708 | D:14     | Noticed a stone giant
 25769 | D:14     | Killed a stone giant
 25861 | D:14     | Got a twitching iron ring
 25863 | D:14     | Identified the ring "Qaifuviu" {*Corrode +Blink rElec Int+4 SInv} (You found it on level 14 of the Dungeon)
 26214 | D:14     | Found a basalt altar of Yredelemnul.
 26456 | D:14     | Received a gift from Okawaru
 26500 | D:14     | Found Forecviga's Jewellery Shoppe.
 26508 | D:14     | Bought the ring "Gucso" {SustAt Int+4 Slay+2} for 578 gold pieces
 26535 | D:14     | Reached skill level 15 in Fighting
 26715 | D:14     | Reached XP level 15. HP: 99/141 MP: 20/20
 26808 | D:14     | Received a gift from Okawaru
 27126 | D:14     | Gained mutation: Your tail ends in a poisonous barb. [potion of beneficial mutation]
 27149 | D:15     | Entered Level 15 of the Dungeon
 27866 | D:15     | Found a sacrificial altar of Ru.
 28202 | D:15     | Found a staircase to the Depths.
 28748 | Lair:6   | Noticed Leszczynek's ghost (journeyman HECj)
 28820 | Lair:6   | Received a gift from Okawaru
 28821 | Lair:6   | Got a shimmering flail {god gift}
 28834 | Lair:6   | Identified the +2 flail "Qomoik" {flame, rN+ MR+++ Str-2 Dex+2} (Okawaru gifted it to you on level 6 of the Lair of Beasts)
 29003 | Lair:6   | Killed Leszczynek's ghost
 29101 | Lair:6   | Noticed Rupert
 29311 | Lair:6   | Received a gift from Okawaru
 29846 | Lair:6   | Identified a scroll of acquirement
 30170 | Snake:1  | Entered Level 1 of the Snake Pit
 31053 | Snake:1  | Reached XP level 16. HP: 48/150 MP: 21/21
 31793 | Snake:1  | Received a gift from Okawaru
 33445 | Snake:3  | Found Fuvofu's Armour Shoppe.
 33552 | Snake:3  | Received a gift from Okawaru
 33869 | Snake:4  | Entered Level 4 of the Snake Pit
 34171 | Snake:4  | Received a gift from Okawaru
 34171 | Snake:4  | Reached skill level 15 in Shields
 34548 | Snake:4  | Received a gift from Okawaru
 34903 | Snake:4  | Reached XP level 17. HP: 144/157 MP: 23/23
 34986 | Snake:4  | Found a stormy altar of Qazlal.
 36062 | Snake:4  | Received a gift from Okawaru
 36256 | Snake:4  | Reached skill level 15 in Dodging
 36256 | Snake:4  | Reached skill level 10 in Evocations
 36457 | Snake:4  | Got a serpentine rune of Zot
 36784 | D:14     | Bought the ring of Robustness {AC+8} for 1792 gold pieces
 37278 | Shoals:1 | Entered Level 1 of the Shoals
 37445 | Elf:1    | Entered Level 1 of the Elven Halls
 38403 | Elf:1    | Noticed Donald
 38422 | Elf:1    | Killed Donald
 38634 | Elf:1    | Noticed Louise
 39016 | Shoals:1 | Received a gift from Okawaru
 39316 | Shoals:1 | Reached XP level 18. HP: 123/168 MP: 21/25
 40676 | Shoals:2 | Found a runed door.
 40757 | Shoals:2 | Noticed Aizul
 40776 | Shoals:2 | Killed Aizul
 41332 | Shoals:3 | Received a gift from Okawaru
 41333 | Shoals:3 | Got a shimmering great mace {god gift}
 41382 | Shoals:3 | Identified the +2 great mace "Wesmeemu" {flame, rPois} (Okawaru gifted it to you on level 3 of the Shoals)
 42020 | Shoals:4 | Entered Level 4 of the Shoals
 42126 | Shoals:4 | Noticed Ilsuiw
 42613 | Shoals:4 | Received a gift from Okawaru
 42700 | Shoals:4 | Found a frozen archway.
 42714 | IceCv    | Entered an ice cave
 43487 | IceCv    | Noticed an Ice Fiend
 43514 | IceCv    | Killed an Ice Fiend
 43541 | IceCv    | Got a coiled bone ring
 43562 | IceCv    | Identified the ring of Beogh's Esteem {+Fly rPois rC+ Int-2} (You found it in an ice cave)
 43847 | Shoals:4 | Noticed B1inky's ghost (adept OpMo)
 43926 | Shoals:4 | Killed B1inky's ghost
 44011 | Shoals:4 | Got a translucent steel ring
 44017 | Shoals:4 | Identified the ring "Usmonk" {Fire Str+5} (You found it on level 4 of the Shoals)
 44098 | Shoals:4 | Reached XP level 19. HP: 176/177 MP: 26/26
 44395 | Shoals:4 | Cast into level 2 of the Abyss (merfolk impaler)
 44711 | Abyss:2  | Mangled by a reaper

Vault maps used:
D:1:      saegor_arrival_simple_f, serial_aquarium, aquarium_bridge_straight,
          aquarium_window_1, aquarium_window_1, aquarium_view_2d
D:2:      uniq_natasha
D:3:      grunt_ministairs_5, uniq_jessica, uniq_robin, uniq_crazy_yiuf_cottage
D:4:      lemuel_round_altar, old_standard_altar, kennysheep_little_box,
          first_bread
D:5:      lemuel_doored_altar, serial_shops, shop, st_stairs_8,
          hangedman_glass_teeth, uniq_blork_the_orc
D:6:      marbit_many_paths, xom_redecorated, guppyfry_shop_venom, uniq_menkaure
D:7:      eat_drink_and_be_merry_uskayaw, grunt_ogre_cave
D:8:      gammafunk_temple_overflow_wave, kennysheep_another_room,
          grunt_gozag_statues
D:9:      minmay_distorted_concentric_squares
D:10:     lair_0_dummy, minmay_evil_grid
D:11:     minmay_orc_entry_temple_small
D:12:     serial_shops, kennysheep_mini_moat, uniq_josephine
D:13:     david_vaults_3, uniq_urug
D:14:     minmay_roctagon, basic_altar, serial_shops, nicolae_shop_waterfront
D:15:     gammafunk_enter_depths_forms, nicolae_ru_the_path_less_chosen
Temple:   nicolae_temple_figure_eight
Lair:1:   tgw_fedhas, serial_bayou_shore_a, grunt_megastairs_5
Lair:3:   kennysheep_rathole, guppyfry_snake_entry_garden,
          infiniplex_staircase_pool, serial_bayou_shore_b
Lair:4:   minmay_shoals_entry_lonely_mermaid, nicolae_lair_grove_arrangements
Lair:5:   slime_altar_1, lightli_volcano_entry_magma_tube
Lair:6:   gammafunk_lair_ancient_temple, infiniplex_staircase_pool_2,
          lemuel_fruit_fields, uniq_rupert
Shoals:1: st_sunken_huts
Shoals:2: lightli_airlock, uniq_aizul
Shoals:3: st_cyclops
Shoals:4: shoals_end_grunt_ice, shoals_ilsuiw_alternative,
          portal_ice_cave_entry_pillars_1
Snake:1:  nicolae_snake_shapes
Snake:3:  serial_shops, shop, st_stairs_3
Snake:4:  snake_pit, basic_altar, serial_bayou, serial_bayou_shore_b,
          serial_bayou_lake_a, serial_bayou_shore_b, serial_bayou_pond_e,
          spider_trap, grunt_ministairs_13
Orc:1:    lemuel_ogre_cave, serial_shops, shop, nicolae_shop_crystal
Orc:2:    grunt_orc_community_town_hall, grunt_orc_community_big_house_1,
          grunt_orc_community_big_house_1, grunt_orc_community_house_1,
          grunt_orc_community_house_3, grunt_orc_community_house_1,
          grunt_orc_community_house_1, grunt_orc_community_house_1,
          grunt_orc_community_house_3, serial_shops, nicolae_shop_crystal,
          nicolae_orc_lost_temple
Elf:1:    eino_elf_arrival_customs, serial_shops, shop_fountains, minivault_28,
          uniq_donald, uniq_louise
Abyss:2:  minivault_25_ag
IceCv:    ice_cave_caverns_01
Volcano:  volcano_caves

Skill      XL: |  1  2  3  4  5  6  7  8  9 10 11 12 13 14 15 16 17 18 |
---------------+-------------------------------------------------------+-----
Maces & Flails | 4 5 6 8 9 10 11 12 | 12.4
Fighting       | 6 10 12 14 15 16 17 | 17.5
Shields        | 4 5 9 11 13 15 17 | 17.4
Dodging        | 3 6 9 11 12 14 15 16 | 16.7
Evocations     | 3 7 8 10 | 10.1
Stealth        | 12 | 12.1
Throwing       | |  1.7

Action                   |  1- 3 |  4- 6 |  7- 9 | 10-12 | 13-15 | 16-18 | 19-21 || total
-------------------------+-------+-------+-------+-------+-------+-------+-------++-------
Melee: Flail             |    67 |   196 |   452 |   104 |       |   142 |       ||   961
       Tailslap          |     6 |    23 |    83 |   150 |   417 |   534 |    47 ||  1260
       Demon whip        |       |       |       |   517 |  1809 |  2149 |   142 ||  4617
       Morningstar       |       |       |       |    23 |       |       |       ||    23
Throw: Throwing net      |     1 |     2 |       |       |       |       |       ||     3
Invok: Heroism           |       |       |     3 |    14 |    12 |    11 |       ||    40
 Abil: Breathe Sticky Fl |       |       |     9 |     5 |       |     1 |       ||    15
Evoke: Wand              |       |     3 |       |     4 |     2 |     2 |     1 ||    12
  Use: Scroll            |       |     6 |    11 |    17 |    14 |    12 |       ||    60
       Potion            |       |     1 |     1 |     3 |     6 |     8 |       ||    19
 Stab: Held in net/web   |       |     1 |       |       |       |       |       ||     1
       Sleeping          |       |       |     2 |       |    21 |    21 |     1 ||    45
       Confused          |       |       |       |       |     3 |       |       ||     3
       Petrified         |       |       |       |       |     2 |       |       ||     2
       Distracted        |       |       |       |       |     2 |     7 |     1 ||    10
  Eat: Chunk             |     1 |    10 |    17 |    30 |    34 |    14 |     1 ||   107
       Pizza             |       |       |     1 |     1 |     1 |     3 |       ||     6
       Fruit             |       |       |       |       |     3 |    19 |       ||    22
       Bread ration      |       |       |       |       |     1 |     2 |       ||     3
Armor: Skin              |    17 |    80 |   106 |    94 |   187 |   201 |    10 ||   695
Dodge: Dodged            |    44 |   156 |   211 |   296 |   693 |   688 |    31 ||  2119
Block: Buckler           |       |    31 |    73 |   119 |       |       |       ||   223
       Shield            |       |       |       |       |   467 |       |       ||   467
       Large shield      |       |       |       |       |   777 |  2051 |    89 ||  2917
